 Dungeon Crawl Stone Soup version 0.30-a0-141-g30f27751c5 (webtiles) character file.

Game seed: 17092882388039974576

291 qw the Chopper (level 6, -8/38 HPs)
             Began as a Gargoyle Fighter on Sept 24, 2022.
             Mangled by an ogre
             ... wielding a +0 giant spiked club
              (28 damage)
             ... on level 4 of the Dungeon.
             The game lasted 00:01:17 (3565 turns).

qw the Chopper (Gargoyle Fighter)                   Turns: 3565, Time: 00:01:18

Health: -8/38      AC: 14    Str: 21    XL:     6   Next: 32%
Magic:  6/6        EV:  7    Int:  9    God:
Gold:   121        SH:  4    Dex:  9    Spells: 5/5 levels left

rFire   . . .      SeeInvis .    Y - +1 war axe
rCold   . . .      Faith    .    c - +0 buckler
rNeg    + . .      Spirit   .    f - +0 chain mail
rPois   inf        Reflect  .    (no helmet)
rElec   +          Harm     .    (no cloak)
rCorr   .          Rampage  .    b - +0 pair of gloves
Will    .....                    (no boots)
Stlth   ..........               (no amulet)
HPRegen 0.12/turn                (no ring)
MPRegen 0.10/turn                (no ring)

@: no status effects
A: sickness immunity, AC +4, negative energy resistance 1, electricity
resistance, torment resistance 1, petrification resistance
a: no special abilities


You were on level 4 of the Dungeon.
You visited 1 branch of the dungeon, and saw 4 of its levels.

You collected 121 gold pieces.


Innate Abilities, Weirdness & Mutations

You are immune to sickness and miasma.
Your stone body is resilient. (AC +4)
You are immune to poison.
You resist negative energy. (rN+)
You are resistant to electric shocks. (rElec)
You are resistant to unholy torment.
You are immune to petrification.


   Skills:
 - Level 4.1 Fighting
 + Level 5.5 Axes
 - Level 3.2 Armour
 - Level 3.2 Shields


You had 5 spell levels left.
You didn't know any spells.
Your spell library was empty.

Inventory:

Hand Weapons
 e - a +0 flail
 Y - a +1 war axe (weapon)
Armour
 b - a +0 pair of gloves (worn)
 c - a +0 buckler (worn)
 f - a +0 chain mail (worn)
Potions
 a - a potion of attraction {unknown}
 d - a potion of might
 g - a potion of heal wounds {unknown}
 h - a potion of curing

Dungeon Overview and Level Annotations

Branches:
Dungeon (4/15)
 Temple: D:4-7

Altars:
Dithmenos
Gozag

Shops:
D:1 [   D:2 (


Message History

A hobgoblin comes into view.
The hobgoblin shouts!
You closely miss the hobgoblin.
The hobgoblin hits you but does no damage.
The hobgoblin barely misses you.
You hit the hobgoblin.
The hobgoblin is heavily wounded.
The hobgoblin closely misses you.
You slash the hobgoblin!
You kill the hobgoblin!
Found a ring mail.
A giant cockroach comes into view.
Found 13 gold pieces.
You slash the giant cockroach!
You kill the giant cockroach!
You now have 108 gold pieces (gained 11).
You see here a giant cockroach corpse.
You now have enough gold to buy a +0 pair of boots of rampaging on D:1.
You can access your shopping list by pressing '$'.
You now have 121 gold pieces (gained 13).
An ogre comes into view. It is wielding a +0 giant spiked club.
The ogre shouts!
Enter note: You slash the ogre!
The ogre is heavily wounded.
The ogre hits you with a +0 giant spiked club.
You hit the ogre.
The ogre is heavily wounded.
The ogre closely misses you.
You hit the ogre.
The ogre is severely wounded.
The ogre hits you with a +0 giant spiked club!
You hit the ogre.
The ogre is severely wounded.
The ogre barely misses you.
You hit the ogre.
The ogre is almost dead.
The ogre hits you with a +0 giant spiked club!!
Ouch! That really hurt!
You die...

#......... #.......#
#######.. #.......#
##. #.......# #.
#.......#### #)
#.......##.. ##.
#.......##.#
#.#####..
#....O..##.#
#..[..... # #@# #.#
#######%.
#.#.###.#######.....
#...............####
#################


You could see an ogre.

Vanquished Creatures
  A bullfrog (D:3)
  Natasha (thrice) (D:4)
  4 gnolls (D:3)
  4 adders
  A white imp (D:3)
  3 worms
  An orc (D:3)
  7 ball pythons
  3 bats
  7 endoplasms
  4 giant cockroaches
  6 goblins
  5 hobgoblins
  4 jackals (D:1)
  2 quokkas
  7 frilled lizards
  3 kobolds
  8 rats
73 creatures vanquished.

Vanquished Creatures (others)
  2 fungi (D:3)
  6 plants
8 creatures vanquished.

Grand Total: 81 creatures vanquished

Notes
Turn   | Place    | Note
-------+----------+-------------------------------------------
     0 | D:1      | qw the Gargoyle Fighter began the quest for the Orb.
     0 | D:1      | Reached XP level 1. HP: 14/14 MP: 1/1
     0 | D:1      | 0 ||| qw: Version: 0.1.0-9-gbc19398
     0 | D:1      | 0 ||| qw: Game counter: 63
     0 | D:1      | 0 ||| qw: Always use a shield: true
     0 | D:1      | 0 ||| qw: God list: Okawaru
     0 | D:1      | 0 ||| qw: Allow faded altars: false
     0 | D:1      | 0 ||| qw: Do Orc after D:15 true
     0 | D:1      | 0 ||| qw: Do second Lair branch before Depths: true
     0 | D:1      | 0 ||| qw: Lair rune preference: random
     0 | D:1      | 0 ||| qw: Plans: Normal, Zot:1-4, God:TSO, Crypt, Tomb,
                  | Pan, Slime:5, Hells, Abyss, Orb
     0 | D:1      | 0 ||| PLANNING D:1-11
    45 | D:1      | Reached skill level 2 in Axes
   129 | D:1      | Reached XP level 2. HP: 19/19 MP: 2/2
   263 | D:1      | Found Waotwis's Armour Shoppe.
   272 | D:1      | 272 ||| SHOPLISTING +0 pair of boots of rampaging (115
                  | gold, have 9).
   272 | D:1      | 272 ||| SHOPLISTING +0 pair of gloves (45 gold, have 9).
   444 | D:1      | Reached skill level 3 in Axes
   597 | D:1      | Reached XP level 3. HP: 21/23 MP: 3/3
   886 | D:1      | 886 ||| UPGRADING to +0 chain mail.
   896 | D:1      | 896 ||| DROPPING +0 scale mail.
   897 | D:1      | 897 ||| READING scroll labelled CUITHI NOTAWN.
   898 | D:1      | 898 ||| READING scroll labelled TECIADW FUWEDI.
  1023 | D:2      | 1023 ||| Stepping ~*~*~tactically~*~*~ (stealth).
  1041 | D:2      | Found Nyokkaer's Antique Weapon Emporium.
  1072 | D:2      | 1072 ||| SHOPLISTING flail (84 gold, have 35).
  1072 | D:2      | 1072 ||| SHOPLISTING mace (72 gold, have 35).
  1535 | D:2      | Identified the +5 short sword of False Accusations {flame,
                  | rPois MP-9 Str+10 Dex-3}
  1897 | D:2      | 1897 ||| UPGRADING to +0 pair of gloves.
  1902 | D:2      | 1902 ||| DROPPING ring of magical power.
  1903 | D:2      | 1903 ||| READING scroll labelled GYTOSU LYMUFAPS.
  1904 | D:2      | 1904 ||| READING scroll labelled BEISUV NURIUNO.
  1905 | D:2      | 1905 ||| DRINKING 2 silvery potions.
  1931 | D:3      | 1931 ||| Stepping ~*~*~tactically~*~*~ (stealth).
  1932 | D:3      | 1932 ||| Stepping ~*~*~tactically~*~*~ (stealth).
  1944 | D:3      | Reached XP level 4. HP: 26/28 MP: 4/4
  1950 | D:3      | Reached skill level 4 in Axes
  1950 | D:3      | HP: 6/28 [gnoll/+0 whip (2)]
  1962 | D:3      | 1962 ||| FLEEEEING.
  1963 | D:3      | 1963 ||| FLEEEEING.
  1973 | D:3      | 1973 ||| STAIRDANCE
  2194 | D:3      | 2194 ||| DROPPING +0 club.
  2197 | D:3      | 2197 ||| DROPPING +0 whip.
  2251 | D:3      | 2251 ||| FLEEEEING.
  2252 | D:3      | 2252 ||| FLEEEEING.
  2253 | D:3      | 2253 ||| FLEEEEING.
  2254 | D:3      | 2254 ||| FLEEEEING.
  2255 | D:3      | 2255 ||| FLEEEEING.
  2256 | D:3      | 2256 ||| FLEEEEING.
  2257 | D:3      | 2257 ||| FLEEEEING.
  2258 | D:3      | 2258 ||| FLEEEEING.
  2259 | D:3      | 2259 ||| FLEEEEING.
  2260 | D:3      | 2260 ||| FLEEEEING.
  2261 | D:3      | 2261 ||| FLEEEEING.
  2265 | D:3      | 2265 ||| FLEEEEING.
  2266 | D:3      | 2266 ||| FLEEEEING.
  2267 | D:3      | 2267 ||| FLEEEEING.
  2268 | D:3      | 2268 ||| FLEEEEING.
  2269 | D:3      | 2269 ||| FLEEEEING.
  2270 | D:3      | 2270 ||| FLEEEEING.
  2271 | D:3      | 2271 ||| FLEEEEING.
  2273 | D:3      | 2273 ||| STAIRDANCE
  2597 | D:3      | Reached XP level 5. HP: 32/32 MP: 5/5
  2652 | D:3      | 2652 ||| Stepping ~*~*~tactically~*~*~ (stealth).
  2771 | D:3      | Reached skill level 5 in Axes
  3016 | D:3      | Found a shadowy altar of Dithmenos.
  3123 | D:3      | 3123 ||| Stepping ~*~*~tactically~*~*~ (stealth).
  3176 | D:3      | Found a faded altar of an unknown god.
  3237 | D:3      | 3237 ||| READING scroll labelled HUTIP XUDGHACE.
  3238 | D:3      | 3238 ||| READING scroll labelled XINOFO PAHAMM.
  3279 | D:4      | Found an opulent altar of Gozag.
  3279 | D:4      | Noticed Natasha
  3280 | D:4      | 3280 ||| Stepping ~*~*~tactically~*~*~ (hiding).
  3282 | D:4      | 3282 ||| Stepping ~*~*~tactically~*~*~ (hiding).
  3287 | D:4      | Killed Natasha
  3288 | D:4      | Reached XP level 6. HP: 33/38 MP: 6/6
  3345 | D:4      | Noticed Natasha
  3346 | D:4      | 3346 ||| Stepping ~*~*~tactically~*~*~ (hiding).
  3354 | D:4      | Killed Natasha
  3399 | D:4      | Noticed Natasha
  3400 | D:4      | 3400 ||| FLEEEEING.
  3401 | D:4      | 3401 ||| FLEEEEING.
  3402 | D:4      | 3402 ||| FLEEEEING.
  3403 | D:4      | 3403 ||| FLEEEEING.
  3404 | D:4      | 3404 ||| FLEEEEING.
  3405 | D:4      | 3405 ||| FLEEEEING.
  3406 | D:4      | 3406 ||| FLEEEEING.
  3407 | D:4      | 3407 ||| FLEEEEING.
  3408 | D:4      | 3408 ||| FLEEEEING.
  3409 | D:4      | 3409 ||| STAIRDANCE
  3449 | D:4      | Killed Natasha
  3565 | D:4      | Mangled by an ogre

Levels and vault maps discovered:
D:1:      matt_arrival_grand_opening, layout_loops_ring, serial_shops,
          shop_statue
D:2:      layout_loops_ring, serial_shops, nicolae_shop_overgrown_old_shop,
          minmay_tromino_i2
D:3:      layout_basic, mainiacjoe_overflow_catwalk,
          shapermc_ecumenical_altar_rom_forum
D:4:      cheibrodos_quashed, layout_loops_ring, mainiacjoe_overflow_paths,
          minmay_temple_entry_antechambers, uniq_natasha, uniq_grinder

Skill      XL: |  1  2  3  4  5 |
---------------+----------------+-----
Axes           | 2 3 4 5 |  5.5
Fighting       | 4 |  4.1
Armour         | |  3.2
Shields        | |  3.2

Action                   |  1- 3 |  4- 6 || total
-------------------------+-------+-------++-------
Melee: War axe           |   137 |    89 ||   226
  Use: Scroll            |     4 |     2 ||     6
       Potion            |     1 |       ||     1
Armor: Scale mail        |    35 |       ||    35
       Chain mail        |    36 |    46 ||    82
Dodge: Dodged            |    40 |    28 ||    68
Block: Buckler           |    29 |    10 ||    39

Table legend:
 A = Non-vault XP
 B = Vault XP
 C = Vault XP percentage of total XP
 D = Non-vault monster count
 E = Vault monster count
 F = Vault count percentage of total count
                 A         B        C        D         E       F
            +---------+---------+-------+---------+---------+-------
      Total |     378 |      38 |   9.1 |      70 |       3 |   4.1
            +---------+---------+-------+---------+---------+-------
        D:1 |      42 |       0 |   0.0 |      25 |       0 |   0.0
        D:2 |      31 |       3 |   8.8 |      17 |       2 |  10.5
        D:3 |     218 |       0 |   0.0 |      23 |       0 |   0.0
        D:4 |      87 |      35 |  28.7 |       5 |       1 |  16.7
            +---------+---------+-------+---------+---------+-------
